 Dungeon Crawl Stone Soup version 0.29.1-1-gd02db6906a (webtiles) character file.

Game seed: 583767527284354972

52 xian the Sneak (level 3, -1/35 HPs)
             Began as a Troll Brigand on Sept 23, 2022.
             Slain by Terence
             ... wielding a +4 short sword of protection
              (7 damage)
             ... on level 2 of the Dungeon.
             The game lasted 00:03:47 (862 turns).

xian the Sneak (Troll Brigand)                       Turns: 862, Time: 00:03:47

Health: -1/35      AC:  6    Str: 21    XL:     3   Next: 60%
Magic:  2/2        EV:  9    Int:  7    God:
Gold:   52         SH:  0    Dex: 11    Spells: 2/2 levels left

rFire   . . .      SeeInvis .   a - +2 dagger
rCold   . . .      Faith    .   (no shield)
rNeg    . . .      Spirit   .   b - +0 robe
rPois   .          Reflect  .   (helmet restricted)
rElec   .          Harm     .   c - +1 cloak
rCorr   .          Rampage  .   (gloves unavailable)
Will    .....                   (boots unavailable)
Stlth   ++........              (no amulet)
HPRegen 0.91/turn               (no ring)
MPRegen 0.08/turn               (no ring)

@: no status effects
A: large, unfitting armour, claws 3, regeneration 1, shaggy fur 1, tough skin 1
a: no special abilities


You were on level 2 of the Dungeon.
You visited 1 branch of the dungeon, and saw 2 of its levels.

You collected 52 gold pieces.

Inventory:

Hand Weapons
 a - a +2 dagger (weapon)
Missiles
 d - 8 poisoned darts
 e - 2 curare-tipped darts
 l - 9 stones (quivered)
Armour
 b - a +0 robe (worn)
 c - a +1 cloak (worn)
Scrolls
 g - a scroll of immolation {unknown}
 j - 4 scrolls of blinking {unknown}
Potions
 f - a potion of brilliance {unknown}
 h - a potion of might {unknown}
 i - 2 potions of lignification {unknown}
 k - 2 potions of haste {unknown}
 m - a potion of magic {unknown}


   Skills:
 + Level 1.6 Fighting
 + Level 2.0 Short Blades
 + Level 1.8 Throwing
 + Level 1.2 Dodging
 + Level 2.7 Stealth


You had 2 spell levels left.
You didn't know any spells.
Your spell library was empty.

Dungeon Overview and Level Annotations

Branches:
Dungeon (2/15)

Altars:

Annotations:
D:2 Terence


Innate Abilities, Weirdness & Mutations

You are too large for most types of armour.
You have claws for hands.
Your natural rate of healing is unusually fast.
You are covered in fur. (AC +1)
You have tough skin. (AC +1)


Message History

You hit Terence but do no damage.
Terence is heavily wounded.
Terence hits you with a +4 short sword of protection.
You hit Terence but do no damage.
Terence is heavily wounded.
Terence hits you with a +4 short sword of protection!
* * * LOW HITPOINT WARNING * * *
You hit Terence but do no damage.
Terence is heavily wounded.
Unknown command.
Terence looks more healthy.
You open the door.
Found a throwing net.
There is an open door here.
Throw: 9 darts (poison)
Press: ? - help, Q - select action, (/) - cycle Shift-Dir - straight line, f/p - Terence
Aim: Terence, wielding a +4 short sword of protection, wearing a +0 chain mail and carrying a wand of roots (3) (almost dead, 62% to hit)
You throw a poisoned dart. The poisoned dart hits Terence.
Terence is poisoned.
Terence is almost dead.
You barely miss Terence.
Terence is almost dead.
Terence zaps a wand.
The roots erupt in riotous growth!
The grasping roots grab you!
Terence is unaffected.
The grasping roots constrict you.
You hit Terence.
Terence is almost dead.
Terence hits you with a +4 short sword of protection.
The grasping roots constrict you.
* * * LOW HITPOINT WARNING * * *
You hit Terence.
Terence is almost dead.
Terence hits you with a +4 short sword of protection.
* * * LOW HITPOINT WARNING * * *
The grasping roots constrict you.
* * * LOW HITPOINT WARNING * * *
The grasping roots release their grip on you.
You hit Terence but do no damage.
Terence is almost dead.
Terence hits you with a +4 short sword of protection!
You die...

.. ##### #.
#####...########
###(########..#...........#
#......@.@..#.......#####.#
#...#######.........# .#
#... ##(..#...######.#
..... ##.#####.......#
#...... #@# #.......#
#...... #@# #.......#
####... #'# #.......# #...
#...# #.......# #.....#
#.......#
#.......##.......###
#.........#.........#
.'.........+..[....#.#
.##.........#..#....#.#
##......(##..#....#.#


You could see Terence (poisoned).

Vanquished Creatures
  Natasha (D:2)
  2 dart slugs (D:1)
  3 endoplasms (D:1)
  2 giant cockroaches (D:1)
  A goblin (D:1)
  2 kobolds
  3 quokkas (D:1)
  3 ball pythons
  3 bats
  4 rats (D:1)
24 creatures vanquished.

Notes
Turn   | Place    | Note
-------+----------+-------------------------------------------
     0 | D:1      | xian the Troll Brigand began the quest for the Orb.
     0 | D:1      | Reached XP level 1. HP: 19/19 MP: 0/0
   163 | D:1      | Reached XP level 2. HP: 27/27 MP: 1/1
   647 | D:2      | Reached skill level 1 in Dodging
   685 | D:2      | Noticed Natasha
   694 | D:2      | Noticed a crimson imp
   695 | D:2      | Killed Natasha
   696 | D:2      | Reached XP level 3. HP: 30/35 MP: 2/2
   829 | D:2      | Noticed Terence
   862 | D:2      | Slain by Terence

Illustrated notes

Levels and vault maps discovered:
D:1:      tarquinn_simple_flora_water_f, layout_basic
D:2:      layout_loops_corners, uniq_terence, uniq_robin, uniq_natasha

Skill      XL: |  1  2 |
---------------+-------+-----
Dodging        | 1 |  1.2
Short Blades   | 2 |  2.0
Fighting       | |  1.6
Throwing       | |  1.8
Stealth        | |  2.7

Action                   || total
-------------------------++-------
Melee: Dagger            ||   128
Throw: Dart              ||     2
       Stone             ||     2
  Use: Scroll            ||     3
Armor: Robe              ||    53
Dodge: Dodged            ||    70
